 Dungeon Crawl Stone Soup version 0.24-b1-48-gd9db55c (webtiles) character file.

Game seed: 3141952401183708262, levelgen mode: deterministic

380 Bucky5 the Covert (level 6, -3/30 HPs)
             Began as a Spriggan Assassin on Oct 24, 2019.
             Was an Initiate of Dithmenos.
             Slain by a gnoll shaman
             ... wielding a +0 whip
              (4 damage)
             ... on level 4 of the Dungeon.
             The game lasted 00:06:43 (4265 turns).

Bucky5 the Covert (Spriggan Assassin)               Turns: 4265, Time: 00:06:44

Health: -3/30      AC:  3    Str:  8    XL:     6   Next: 46%
Magic:  7/7        EV: 17    Int: 13    God:    Dithmenos [......]
Gold:   118        SH:  0    Dex: 18    Spells: 5/5 levels left

rFire    . . .     SeeInvis +   a - +2 dagger
rCold    . . .     Gourm    .   (shield restricted)
rNeg     . . .     Faith    .   b - +0 robe
rPois    .         Spirit   .   (helmet restricted)
rElec    .         Reflect  .   c - +0 cloak
rCorr    .         Harm     .   (gloves unavailable)
MR       +....                  (boots unavailable)
Stlth    +++++.....             (no amulet)
HPRegen  0.10/turn              (no ring)
MPRegen  0.10/turn              (no ring)

@: very quick
A: very small, unfitting armour, see invisible, herbivore, speed 3, slow
metabolism 2
a: Renounce Religion


You were on level 4 of the Dungeon.
You worshipped Dithmenos.
Dithmenos was noncommittal.
You were not hungry.

You visited 2 branches of the dungeon, and saw 5 of its levels.

You collected 118 gold pieces.

Inventory:

Hand Weapons
 a - a +2 dagger (weapon)
Missiles
 d - 8 sling bullets (quivered)
Armour
 b - a +0 robe (worn)
 c - a +0 cloak (worn)
Wands
 l - a wand of random effects (12)
Scrolls
 h - a scroll of fog
 j - 3 scrolls of teleportation {unknown}
 k - a scroll of enchant armour {unknown}
 m - a scroll of identify
 n - a scroll of fear
Potions
 g - 3 potions of curing
 i - a potion of degeneration {unknown}
Comestibles
 f - 6 rations


   Skills:
 - Level 1.5 Fighting
 - Level 2.1 Short Blades
 - Level 2.0 Throwing
 - Level 1.5 Dodging
 * Level 11.7 Stealth


You had 5 spell levels left.
You didn't know any spells.
Your spell library was empty.

Dungeon Overview and Level Annotations

Branches:
Dungeon (4/15)             Temple (1/1) D:4

Altars:
Ashenzari
Dithmenos
Fedhas
Nemelex Xobeh
Okawaru
Qazlal
Vehumet
Yredelemnul

Annotations:
D:4 1 transporter


Innate Abilities, Weirdness & Mutations

You are very small and have problems with some larger weapons.
You are too small for most types of armour.
You have supernaturally acute eyesight. (SInv)
You are a herbivore.
You cover ground extremely quickly.
You need to consume almost no food.


Message History

The gnoll shaman is severely wounded.
The gnoll shaman mumbles some strange prayers to its god against you.
You resist with almost no effort.
The gnoll shaman utters an invocation to its god.
The gnoll shaman is healed somewhat.
Tossing away (i - inventory)
d - 10 sling bullets (quivered)
Press: ? - help, Shift-Dir - straight line, f/p - gnoll shaman
Aim: a gnoll shaman, wielding a +0 whip and wearing a +0 robe (heavily wounded)
You toss away a sling bullet.
The sling bullet barely misses the gnoll shaman.
Tossing away (i - inventory)
d - 9 sling bullets (quivered)
Press: ? - help, Shift-Dir - straight line, f/p - gnoll shaman
Aim: a gnoll shaman, wielding a +0 whip and wearing a +0 robe (heavily wounded)
You toss away a sling bullet.
The sling bullet hits the gnoll shaman but does no damage.
The gnoll shaman is heavily wounded.
The gnoll shaman hits you with a +0 whip!
* * * LOW HITPOINT WARNING * * *
The gnoll shaman hits you with a +0 whip.
You die...

# #.............# #
##.........(...#
######....÷.........#
†......#..#.....(...#
#####.######....(..##
##.## #....(...# #
#..# ##...(...##
###.## #...g....#
.#.## ##.)@....# ...#
#.......# ..##
#.......# ...#
#.......# ...#
#........# ...#
#........# ....
##.......# ....#
##......# #####
####.###


You could see a gnoll shaman.

Vanquished Creatures
  2 ogres (D:4)
  2 worker ants (D:4)
  6 gnolls
  2 adders
  2 oozes (D:1)
  3 dart slugs
  3 leopard geckos
  2 orcs (D:4)
  7 bats
  3 giant cockroaches
  4 goblins
  9 hobgoblins
  5 jackals
  A quokka (D:4)
  A ball python (D:1)
  3 frilled lizards
  12 kobolds
  7 rats
74 creatures vanquished.

Notes
Turn   | Place    | Note
-------+----------+-------------------------------------------
     0 | D:1      | Bucky5 the Spriggan Assassin began the quest for the Orb.
     0 | D:1      | Reached XP level 1. HP: 10/10 MP: 2/2
    11 | D:1      | Reached skill level 6 in Stealth
    39 | D:1      | You fall into a shaft and drop 1 floor!
   252 | D:1      | Reached XP level 2. HP: 14/14 MP: 3/3
   452 | D:1      | Reached skill level 7 in Stealth
   900 | D:1      | Reached XP level 3. HP: 18/18 MP: 4/4
  1237 | D:2      | Found a stormy altar of Qazlal.
  1582 | D:2      | You fall into a shaft and drop 1 floor!
  1775 | D:3      | Reached skill level 8 in Stealth
  2002 | D:3      | Reached XP level 4. HP: 14/22 MP: 5/5
  2543 | D:3      | Reached skill level 9 in Stealth
  3721 | D:4      | Noticed an ogre
  3753 | D:4      | Found a staircase to the Ecumenical Temple.
  3774 | D:4      | Killed an ogre
  3774 | D:4      | Reached skill level 10 in Stealth
  3774 | D:4      | Reached XP level 5. HP: 19/25 MP: 6/6
  3813 | Temple   | Entered the Ecumenical Temple
  3819 | Temple   | Became a worshipper of Dithmenos the Shadowed
  3886 | D:4      | Noticed an ogre
  3971 | D:4      | Killed an ogre
  3971 | D:4      | Reached skill level 11 in Stealth
  3971 | D:4      | Reached XP level 6. HP: 28/30 MP: 7/7
  4057 | D:4      | Found a transporter.
  4265 | D:4      | HP: 1/30 [gnoll shaman/+0 whip (10)]
  4265 | D:4      | Slain by a gnoll shaman

Skill      XL: |  1  2  3  4  5 |
---------------+----------------+-----
Stealth        | 6 7 8 10 11 | 11.7
Fighting       | |  1.5
Short Blades   | |  2.1
Throwing       | |  2.0
Dodging        | |  1.5

Action                   |  1- 3 |  4- 6 || total
-------------------------+-------+-------++-------
Melee: Dagger            |   133 |   106 ||   239
Throw: Boomerang         |    25 |    10 ||    35
       Dart              |       |    49 ||    49
  Use: Scroll            |     5 |       ||     5
       Potion            |       |     1 ||     1
 Stab: Sleeping          |     7 |     5 ||    12
  Eat: Ration            |       |     2 ||     2
Armor: Robe              |    24 |    18 ||    42
Dodge: Dodged            |   118 |   120 ||   238
